 Dungeon Crawl Stone Soup version 0.31-a0-978-g1e143483b6 (webtiles) character file.

Game seed: 8162431213822656762

5245 p00ps00p the Cleaver (level 10, -14/93 HPs)
             Began as a Hill Orc Fighter on Oct 31, 2023.
             Was an Initiate of Gozag.
             Demolished by a komodo dragon (21 damage)
             ... on level 9 of the Dungeon.
             The game lasted 00:16:44 (8684 turns).

p00ps00p the Cleaver (Hill Orc Fighter)             Turns: 8684, Time: 00:16:45

Health: -14/93     AC: 20    Str: 24    XL:     10   Next: 62%
Magic:  1/1        EV:  7    Int: 11    God:    Gozag
Gold:   373        SH:  6    Dex: 10    Spells: 9/9 levels left

rFire   . . .        a - +1 war axe
rCold   . . .        c - +0 buckler
rNeg    + . .        x - +1 plate armour
rPois   +            E - +0 helmet {Int+3}
rElec   +            A - +1 cloak
rCorr   +            (no gloves)
SInv    .            l - +0 pair of boots
Will    .....        (no amulet) Stlth
                     g - ring of Jociomicit {rElec rPois rN+ rCorr MP-9}
HPRegen 0.35/turn    t - ring of poison resistance
MPRegen 0.07/turn

%: no passive effects
@: gold aura
A: no striking features
a: Renounce Religion, Potion Petition, Call Merchant, Bribe Branch


You were on level 9 of the Dungeon.
You worshipped Gozag.
Gozag was aware of your devotion.
You visited 2 branches of the dungeon, and saw 10 of its levels.

You collected 1420 gold pieces.
You spent 187 gold pieces at shops.
You paid 860 gold pieces to Gozag.

Inventory:

Hand Weapons
 a - a +1 war axe (weapon)
Armour
 c - a +0 buckler (worn)
 l - a +0 pair of boots (worn)
 x - a +1 plate armour (worn)
 A - a +1 cloak (worn)
 E - a +0 helmet of intelligence (worn)
Jewellery
 g - the ring of Jociomicit (left hand) {rElec rPois rN+ rCorr MP-9}
   (You acquired it on level 2 of the Dungeon)

   [ring of positive energy]

   rElec:     It insulates you from electricity.
   rPois:     It protects you from poison rN+: It protects you from negative
   energy.
   MP-9:      It affects your magic capacity (-9).
   rCorr:     It protects you from acid and corrosion.
 k - a ring of see invisible
 t - a ring of poison resistance (right hand)
 y - a ring of protection from fire
Wands
 o - a wand of flame (3)
 D - a wand of acid (9)
Scrolls
 u - 3 scrolls of fog
 v - a scroll of teleportation
 w - a scroll of enchant weapon
Potions
 d - 2 potions of might
 e - 3 potions of curing
 f - a potion of haste
 h - 4 potions of ambrosia
 i - a potion of berserk rage {unknown}
 j - a potion of lignification {unknown}
 n - 3 potions of degeneration
 q - 6 potions of mutation
 r - 3 potions of enlightenment
 s - a potion of experience {unknown}


   Skills:
 + Level 9.9 Fighting
 + Level 10.4 Axes
 + Level 9.1 Armour
 + Level 9.1 Shields


You had 9 spell levels left.
You didn't know any spells.
Your spell library contained the following spells:

 Spells                   Type           Power      Damage    Failure   Level
 Freeze                   Ice            0%         1d3       99%         1
 Necrotise                Necr           0%         1d4       99%         1
 Cigotuvi's Dreadful Rot  Necr/Pois/Air  0%         N/A       100%        2
 Frozen Ramparts          Ice            0%         1d1       100%        3
 Hailstorm                Conj/Ice       0%         3d3       100%        3
 Ignite Poison            Fire/Tmut/Pois 0%         N/A       100%        3
 Vampiric Draining        Necr           0%         2d6       100%        3
 Dispel Undead            Necr           0%         3d6       100%        4
 Summon Ice Beast         Ice/Summ       0%         N/A       100%        4
 Vhi's Electric Charge    Tloc/Air       0%         N/A       100%        4
 Agony                    Necr           0%         N/A       100%        5
 Arcjolt                  Conj/Air       0%         1d10      100%        5
 Freezing Cloud           Conj/Ice/Air   0%         6-21      100%        5
 Iskenderun's Battlesphe  Conj           0%         2d6       100%        5
 Bombard                  Conj/Erth      0%         9d1       100%        6
 Death Channel            Necr           0%         N/A       100%        6
 Plasma Beam              Fire/Air       0%         2x1d10    100%        6
 Spellforged Servitor     Conj/Summ      0%         N/A       100%        7
 Simulacrum               Ice/Necr       Unusable   N/A       N/A         6

Dungeon Overview and Level Annotations

Branches:
Dungeon (9/15)             Temple (1/1) D:5
   Lair: D:8-11         Orc: D:9-12

Altars:
Ashenzari
Cheibriados
Dithmenos
Elyvilon
Fedhas
Gozag
Hepliaklqana
Kikubaaqudgha
Makhleb
Nemelex Xobeh
Okawaru
Qazlal
Ru
Sif Muna
Trog
Uskayaw
Vehumet
Wu Jian
Yredelemnul
Zin
The Shining One

Shops:
D:3 ?   D:5 *   D:8 [

Annotations:
D:5 1 transporter, Xavori's ghost, novice DjCK


Message History

You assume a fearsome visage.
The komodo dragon easily resists.
The bullfrog looks frightened!
The shadow is unaffected.
A nearby fungus withers and dies.
The shadow hits you.
The bullfrog is distracted by your dazzling golden aura.
The komodo dragon bites you but does no damage.
The bullfrog gives a loud, deep croak!
Unknown command.
Aiming: Corrosive Bolt
Press: ? - help, Q - select action, (/) - cycle Shift-Dir - straight line, f - shadow, p - komodo dragon
Aim: a shadow (lightly damaged, 71% to hit)
The bolt of acid hits the shadow!
The acid corrodes the shadow!
The shadow is heavily damaged.
The bolt of acid hits the plant!
The acid corrodes the plant!
The plant begins to die.
The plant is lightly damaged.
The shadow hits you.
The komodo dragon is distracted by your dazzling golden aura.
The komodo dragon hisses angrily.
You hit the shadow.
The shadow is severely damaged.
You strike the helpless bullfrog from behind!
You hit the bullfrog.
The bullfrog is no longer distracted by gold.
Your attack snaps the bullfrog out of its fear.
You barely miss the komodo dragon.
The komodo dragon is no longer distracted by gold.
The bullfrog hits you but does no damage.
The komodo dragon is distracted by your dazzling golden aura.
The shadow hits you!
* * * LOW HITPOINT WARNING * * *
You hit the shadow.
The shadow is severely damaged.
You hit the bullfrog.
You hit the komodo dragon but do no damage.
The komodo dragon is no longer distracted by gold.
The bullfrog is distracted by your dazzling golden aura.
The komodo dragon bites you!!
You die...
Your body crumbles into a pile of gold.

..##># #.##.#
#.##.# #.##.##
####.#...####
###........<..#
#...####...##.#
#.### ##.## #
#@# #.# #.FlWP.#
#.#
#.P........##.#
#......P.......#
#...PP..P.....##
........P..(P..
#P.P..####...PP
#..... .....


You could see a komodo dragon, a shadow (corroded) and a bullfrog (unaware).

Vanquished Creatures
  Pikel (D:7)
  Joseph (D:7)
  An unseen horror zombie (D:7)
  Jeremiah (D:7)
  Grinder (D:3)
  5 yaks
  A wyvern (D:9)
  Eustachio (D:6)
  A water moccasin (D:7)
  3 ice beasts
  An orc warrior (D:7)
  3 sky beasts
  An ogre (D:6)
  A centaur (D:8)
  A lemure (D:7)
  A phantom (D:4)
  A kobold brigand (D:7)
  A bullfrog (D:8)
  3 scorpions
  3 wights (D:7)
  A howler monkey (D:6)
  3 electric eels (D:7)
  2 centaur zombies (D:7)
  5 hounds
  2 jellies
  3 orc priests
  5 iguanas
  Natasha (thrice) (D:3)
  4 orc wizards
  2 howler monkey zombies (D:7)
  Robin (D:4)
  7 gnolls
  8 adders
  A shadow imp (D:5)
  4 white imps
  7 ufetubi
  A worm (D:8)
  13 dart slugs
  20 orcs
  9 ball pythons
  6 endoplasms
  8 giant cockroaches
  15 goblins
  5 hobgoblins
  5 jackals
  4 quokkas
  5 bats
  5 frilled lizards
  11 kobolds
  10 rats
207 creatures vanquished.

Notes
Turn   | Place    | Note
-------+----------+-------------------------------------------
     0 | D:1      | p00ps00p the Hill Orc Fighter began the quest for the Orb.
     0 | D:1      | Reached XP level 1. HP: 19/19 MP: 1/1
   116 | D:1      | Reached XP level 2. HP: 27/27 MP: 2/2
   137 | D:1      | Reached skill level 3 in Axes
   333 | D:1      | Found a faded altar of an unknown god.
   488 | D:1      | Reached XP level 3. HP: 33/33 MP: 3/3
   694 | D:2      | Identified a scroll of acquirement
   694 | D:2      | Acquired 826 gold pieces
   816 | D:2      | Acquired the ring of Jociomicit {rElec rPois rN+ rCorr
                  | MP-9}
  1446 | D:2      | Reached XP level 4. HP: 40/40 MP: 0/4
  1588 | D:3      | Found Sion's Magic Scroll Boutique.
  1612 | D:3      | Noticed Grinder
  1627 | D:3      | Paralysed by Grinder for 4 turns
  1631 | D:3      | Killed Grinder
  1632 | D:3      | Reached skill level 5 in Fighting
  1632 | D:3      | Reached skill level 4 in Axes
  1632 | D:3      | Reached XP level 5. HP: 26/48 MP: 0/5
  1632 | D:3      | Reached XP level 6. HP: 30/56 MP: 0/6
  1739 | D:3      | You fall into a shaft and drop 2 floors!
  1739 | D:5      | Entered Level 5 of the Dungeon
  1739 | D:5      | Found Zamatesh's Assorted Antiques.
  1782 | D:4      | Found an iron altar of Okawaru.
  1857 | D:4      | Noticed Robin
  1863 | D:4      | Killed Robin
  1865 | D:4      | Reached skill level 5 in Axes
  2203 | D:4      | Reached skill level 5 in Armour
  2234 | D:4      | Reached skill level 5 in Shields
  2234 | D:4      | Reached XP level 7. HP: 59/61 MP: 0/7
  2292 | D:4      | Found a glowing golden altar of the Shining One.
  2487 | D:3      | Found an ornate altar of the Wu Jian Council.
  2668 | D:3      | Noticed Natasha
  2673 | D:3      | Killed Natasha
  2868 | D:3      | Noticed Natasha
  2878 | D:3      | Killed Natasha
  3000 | D:3      | Noticed Natasha
  3010 | D:3      | Killed Natasha
  3215 | D:4      | Reached skill level 6 in Axes
  3585 | D:5      | Found a staircase to the Ecumenical Temple.
  3596 | Temple   | Entered the Ecumenical Temple
  3940 | D:5      | Reached XP level 8. HP: 54/70 MP: 0/8
  4391 | D:5      | Found a stormy altar of Qazlal.
  4456 | D:5      | Found a transporter.
  4459 | D:5      | Noticed Xavori's ghost (novice DjCK)
  4461 | D:5      | Identified the +10 great mace of Crystal {freeze, Fragile
                  | Fly Dex+7}
  4782 | D:6      | Noticed Eustachio
  4817 | D:6      | Killed Eustachio
  4818 | D:6      | Reached skill level 7 in Axes
  4918 | D:6      | Found a snail-covered altar of Cheibriados.
  6413 | D:7      | Noticed Joseph
  6415 | D:7      | Reached XP level 9. HP: 74/79 MP: 0/9
  6432 | D:7      | HP: 1/79 [Joseph/+0 quarterstaff (7)]
  6434 | D:7      | Killed Joseph
  6435 | D:7      | Reached skill level 8 in Axes
  6729 | D:7      | Noticed Jeremiah
  6740 | D:7      | Killed Jeremiah
  6749 | D:7      | Reached skill level 9 in Axes
  6859 | D:7      | Noticed Pikel
  6879 | D:7      | Killed Pikel
  6880 | D:7      | Reached XP level 10. HP: 12/91 MP: 1/10
  7861 | D:8      | Reached skill level 10 in Axes
  8093 | D:8      | Found an opulent altar of Gozag.
  8201 | D:8      | Became a worshipper of Gozag Ym Sagoz the Greedy
  8204 | D:8      | Bought a glowing helmet for 187 gold pieces
  8484 | D:8      | Noticed a moth of wrath
  8488 | D:8      | Found a bloodstained altar of Trog.
  8684 | D:9      | Demolished by a komodo dragon

Illustrated notes

Levels and vault maps discovered:
D:1:      dpeg_arrival_prison, layout_basic, dreamdust_ecumenical_altar_grove,
          chequers_decorated_corner, hangedman_glass_teeth, st_stairs_10,
          minmay_quantized
D:2:      layout_loops_corners, minmay_misc_feat_rugged
D:3:      layout_basic, nicolae_wu_jian_wuxing_cycle, serial_shops, shop,
          chequers_serial_rivers_small_3, st_stairs_4, due_unseen_surprise,
          uniq_grinder, uniq_natasha
D:4:      layout_basic, lemuel_round_altar, mainiacjoe_overflow_catwalk,
          uniq_robin
D:5:      layout_loops_cross, lemuel_doored_altar,
          minmay_temple_entry_glassed_door, serial_shops, nicolae_square_shop,
          gammafunk_ghost_smash, kennysheep_generic_room_9
D:6:      layout_loops_ring, mainiacjoe_overflow_concentric_impassable,
          uniq_eustachio
D:7:      kennysheep_slugbush, layout_rooms, serial_undead, serial_undead_b,
          serial_undead_b, serial_undead_e, serial_undead_d, serial_undead_a,
          uniq_joseph, uniq_jeremiah, uniq_pikel
D:8:      layout_loops_ring, mainiacjoe_overflow_alcove_2, tgw_trog
D:9:      layout_loops_ring, led_xom_imps, grunt_lair_entry_orc_guard_hut,
          nicolae_specific_store, hangedman_abyss_or_decor_stabs, uniq_maurice
Temple:   minmay_temple_curvy_branch

Skill      XL: |  1  2  3  4  5  6  7  8  9 10 |
---------------+-------------------------------+-----
Axes           | 3 4 5 6 7 9 10 | 10.4
Fighting       | 4 5 6 7 9 |  9.9
Armour         | 4 5 7 8 9 |  9.1
Shields        | 4 5 6 8 9 |  9.1

Action                     |  1- 3 |  4- 6 |  7- 9 | 10-12 || total
---------------------------+-------+-------+-------+-------++-------
  Melee: War axe           |    92 |    83 |   363 |   170 ||   708
 Invoke: Call Merchant     |       |       |       |     1 ||     1
  Evoke: Wand              |       |       |     6 |     1 ||     7
    Use: Scroll            |     5 |     1 |    11 |     3 ||    20
         Potion            |       |       |     1 |     3 ||     4
   Stab: Fleeing           |       |       |       |     1 ||     1
 Armour: Scale mail        |    55 |    83 |   178 |       ||   316
         Plate armour      |       |       |   177 |   168 ||   345
  Dodge: Dodged            |    49 |    62 |   141 |    52 ||   304
  Block: Buckler           |    14 |    29 |    90 |    44 ||   177

Table legend: (Time is in decaauts)
 A = Elapsed time spent in this place.
 B = Non-inter-level travel time spent in this place.
 C = Inter-level travel time spent in this place.
 D = Time resting spent in this place.
 E = Time spent auto-exploring this place.
 F = Levels seen in this place.
 G = Mean time per level.
                   A        B        C        D        E       F      G
               +--------+--------+--------+--------+--------+-----+--------+
         Total |   8813 |   8482 |    331 |   1154 |   5495 |  10 |  881.3 |
       Dungeon |   8741 |   8410 |    331 |   1154 |   5495 |   9 |  971.2 |
        Temple |     71 |     71 |      0 |      0 |      0 |   1 |   71.0 |
               +--------+--------+--------+--------+--------+-----+--------+

Top non-repeatable levels by time:
     D:6: 1777 daAuts
     D:7: 1389 daAuts
     D:4: 1124 daAuts
     D:5: 1036 daAuts
     D:3: 915 daAuts
     D:8: 880 daAuts
     D:2: 873 daAuts
     D:1: 712 daAuts
  Temple: 71 daAuts
     D:9: 33 daAuts
